 Dungeon Sprint DCSS version 0.16-b1 (webtiles) character file.

61753 Medar the Intangible (level 24, -16/227 HPs)
             Began as a Merfolk Gladiator on Mar 10, 2015.
             Was the Champion of Qazlal.
             Killed from afar by a hellion (20 damage)
             ... with a burst of hellfire
             ... summoned by Asmodeus
             ... in the Dungeon (Sprint VI: "Thunderdome").
             The game lasted 01:08:27 (5942 turns).

Medar the Intangible (Merfolk Gladiator)            Turns: 5942, Time: 01:08:27

Health: -16/227    AC: 36    Str: 29    XL:     24   Next: 40%
Magic:  26/43      EV: 44    Int: 11    God:    Qazlal [******]
Gold:   3025       SH:  8    Dex: 33    Spells: 0 memorised, 23 levels left

rFire  + + +     SeeInvis +     a - +8 bardiche (chop)
rCold  + . .     Clarity  +     Q - +5 pearl dragon armour
rNeg   + + +     SustAb   .     (no shield)
rPois  +         Gourm    .     O - +1 hat of Exclusion {rPois Dex+6}
rElec  +         Spirit   .     E - +2 cloak
rCorr  +         Warding  .     (no gloves)
rMut   .         NoTele   +     j - +2 pair of boots "Qeaklaom" {+Fly rN+ Int+3}
MR     +++..     NoCast   +     U - amulet "Wiucsadgh" {Clar +Inv rPois MR+}
Stlth  +.........               C - ring "Blovi" {rElec rN+ MR+ Int+3}
                                I - ring "Liopsaede" {-Cast rF+ Str+4 Int-3 Dex+2 SInv}

@: mighty, agile, resistant, protected from fire, very slightly contaminated,
hasted, studying Unarmed Combat, repel missiles, very quick, extremely resistant
to hostile enchantments, very unstealthy
A: change form in water, swift swim, deterioration 1
a: Upheaval, Elemental Force, Disaster Area, Renounce Religion, Evoke
Invisibility, Evoke Flight
}: 5/15 runes: serpentine, slimy, elven, silver, gossamer


You were in the Dungeon.
You worshipped Qazlal.
Qazlal was exalted by your worship.
You were not hungry.

You visited 1 branch You collected 18970 gold pieces.
You spent 15945 gold pieces at shops.

Inventory:

Hand weapons
 a - a +8 bardiche of chopping (weapon)
 b - a +0 trident
Missiles
 d - 3 throwing nets {=f =F}
 x - 2 javelins of penetration (quivered)
 y - 16 javelins of returning
 J - 13 javelins
Armour
 j - the +2 pair of boots "Qeaklaom" (worn) {+Fly rN+ Int+3}
   (You bought it in a shop in the Dungeon)

   It affects your intelligence (+3).
   It protects you from negative energy.
   It lets you fly.
 o - the -2 helmet of Bedevilment {Dex+3 SInv}
   (You bought it in a shop in the Dungeon)

   It affects your dexterity (+3).
   It enhances your eyesight.
 t - the +0 cloak "Wiomulen" {+Inv rElec rPois rC+ Dex-5}
   (You bought it in a shop in the Dungeon)

   It affects your dexterity (-5).
   It protects you from cold.
   It insulates you from electricity.
   It protects you from poison.
   It lets you turn invisible.
 w - the +0 pair of gloves "Suyru" {rCorr MP+9 Str-4}
   (You bought it in a shop in the Dungeon)

   It affects your strength (-4).
   It affects your magic capacity (+9).
   It protects you from acid and corrosion.
 D - the +0 cloak of Wajaschu {MR- Int+2 SInv}
   (You bought it in a shop in the Dungeon)

   It affects your intelligence (+2).
   It affects your resistance to hostile enchantments.
   It enhances your eyesight.
 E - a +2 cloak (worn)
 M - a cursed +9 ice dragon armour
 O - the +1 hat of Exclusion (worn) {rPois Dex+6}
   (You bought it in a shop in the Dungeon)

   It affects your dexterity (+6).
   It protects you from poison.
 Q - a +5 pearl dragon armour (worn)
Rods
 N - a +3 rod of clouds (12/12) {!a}
   (You found it in the Dungeon)
Jewellery
 p - the cursed amulet "Haydwaih" {rMut Str+3}
   (You bought it in a shop in the Dungeon)

   [amulet of resist mutation]

   It protects you from mutation.
   It affects your strength (+3).
   It has a curse placed upon it.
 q - the ring of Racatuin {SustAb -Tele rPois MP+9 Int+3 Stlth+}
   (You bought it in a shop in the Dungeon)

   [ring of sustain abilities]

   It sustains your strength, intelligence and dexterity.
   It affects your intelligence (+3).
   It protects you from poison.
   It affects your magic capacity (+9).
   It prevents most forms of teleportation.
   It makes you more stealthy.
 C - the ring "Blovi" (right hand) {rElec rN+ MR+ Int+3}
   (You bought it in a shop in the Dungeon)

   [ring of positive energy]

   It affects your intelligence (+3).
   It insulates you from electricity.
   It protects you from negative energy.
   It affects your resistance to hostile enchantments.
 G - the ring of Qeikuix {+Blink rC+ MR- Int+4 Dex-2 Stlth+}
   (You bought it in a shop in the Dungeon)

   [ring of protection from cold]

   It affects your intelligence (+4).
   It affects your dexterity (-2).
   It protects you from cold.
   It affects your resistance to hostile enchantments.
   It lets you blink.
   It makes you more stealthy.
 H - the ring of Nuychio {+Fly rElec rC- rN+ Int-5 Dex+2}
   (You bought it in a shop in the Dungeon)

   [ring of dexterity]

   It affects your intelligence (-5).
   It affects your dexterity (+2).
   It makes you vulnerable to cold.
   It insulates you from electricity.
   It protects you from negative energy.
   It lets you fly.
 I - the ring "Liopsaede" (left hand) {-Cast rF+ Str+4 Int-3 Dex+2 SInv}
   (You bought it in a shop in the Dungeon)

   [ring of strength]

   It affects your strength (+4).
   It affects your intelligence (-3).
   It affects your dexterity (+2).
   It protects you from fire.
   It enhances your eyesight.
   It prevents spellcasting.
 R - the ring of Braulera {rC+ Int+3 Dex+4}
   (You bought it in a shop in the Dungeon)

   [ring of dexterity]

   It affects your intelligence (+3).
   It affects your dexterity (+4).
   It protects you from cold.
 T - the ring of Vyutodow {+Fly MR+ SInv}
   (You bought it in a shop in the Dungeon)

   [ring of flight]

   It affects your resistance to hostile enchantments.
   It enhances your eyesight.
   It lets you fly.
 U - the amulet "Wiucsadgh" (around neck) {Clar +Inv rPois MR+}
   (You bought it in a shop in the Dungeon)

   [amulet of clarity]

   It provides mental clarity.
   It protects you from poison.
   It affects your resistance to hostile enchantments.
   It lets you turn invisible.
 V - the cursed ring "Gaprusche" {SustAb rElec rF+ MP+9}
   (You bought it in a shop in the Dungeon)

   [ring of sustain abilities]

   It sustains your strength, intelligence and dexterity.
   It protects you from fire.
   It insulates you from electricity.
   It affects your magic capacity (+9).
   It has a curse placed upon it.
 W - the ring "Xitzoypt" {-Tele rElec rPois rC- Int+2 SInv}
   (You bought it in a shop in the Dungeon)

   [ring of intelligence]

   It affects your intelligence (+2).
   It makes you vulnerable to cold.
   It insulates you from electricity.
   It protects you from poison.
   It enhances your eyesight.
   It prevents most forms of teleportation.
Magical devices
 l - a wand of cold (1)
 m - a wand of fire (2)
 r - a wand of flame (2)
 s - a wand of magic darts (13)
 P - a wand of heal wounds (3)
Scrolls
 k - 4 scrolls of blinking
 n - 6 scrolls of fog
 u - 3 scrolls of silence {!r}
 A - 14 scrolls of remove curse {@r1}
 X - 3 scrolls of recharging
 Z - 2 scrolls of identify {@r2}
Potions
 c - 5 potions of berserk rage {!q}
 e - 9 potions of curing {@q1}
 g - 4 potions of resistance
 h - 7 potions of haste
 i - 3 potions of magic
 F - 2 potions of cure mutation {!q}
 K - 2 potions of might
 L - 5 potions of agility
Books
 v - a manual of Unarmed Combat
Miscellaneous
 z - a stone of tremors
 S - a quad damage
Comestibles
 f - 2 royal jellies
 Y - 14 chunks of flesh


   Skills:
 O Level 27 Fighting
 O Level 27 Polearms
 - Level 2.0 Throwing
 O Level 27 Armour
 O Level 27 Dodging
 O Level 27 Invocations
 + Level 26.6 Evocations


You had 23 spell levels left.
You didn't know any spells.

Dungeon Overview and Level Annotations

Branches:
Dungeon (1/1)

Altars:
Cheibriados
Dithmenos
Fedhas
Gozag
Kikubaaqudgha
Makhleb
Okawaru
Qazlal
Ru
Sif Muna
Trog
Vehumet
Xom
Yredelemnul
Zin
The Shining One
Jiyva
Lugonu

Shops:
D [%??*?*:[((!!!!

Annotations:
D Asmodeus


Innate Abilities, Weirdness & Mutations

You revert to your normal form in water.
You are very nimble and swift while swimming.
Your body is slowly deteriorating.


Message History

The Brimstone Fiend completely misses you.
The Brimstone Fiend hits you but does no damage. x2
Use which ability? (? or * to list) Nature churns violently around you!
The blast of rubble hits the Brimstone Fiend.
You kill the Brimstone Fiend!
The blast of ice hits the Brimstone Fiend.
The Brimstone Fiend is frozen!
The Brimstone Fiend is severely wounded.
The cutting wind hits the hellion.
The hellion is almost dead.
The cutting wind hits the hellion.
You kill the hellion!
The blast of rubble hits the Brimstone Fiend.
The Brimstone Fiend is almost dead.
You are engulfed in roaring flames.
You resist.
You feel more protected from fire. The hellion gestures at you.
The hellfire explodes!
The burst of hellfire engulfs you!
You die...

##∩(__≈)[[..###....[.__.
###[)≈≈§§...8.# #.8.......
##..[≈≈≈§≈§§..)###[.....[..
#(..≈≈)§≈§§§###(..###[.[...
#⌠.≈≈≈≈§≈§§§# #§[(# #[.....
#⌠.≈≈≈≈≈§§§§###.)(###..[.[.
##.≈≈§§§§.§)§≈≈###((.[.[...
###§§§§§)1§§8§# #.8[......
##§§.§§@2§§§###......_._
######&8§§§§≈....8.####
#§§§§§§≈≈.[..⌠#
###§§§§.≈...### #§.)§≈..._#
#§≈.≈§..._# #_§§≈...._#
#∩.≈[....∩# ##∩.....∩##


You could see Asmodeus, a Brimstone Fiend and a hellion.

Vanquished Creatures
  Dissolution (D)
  2 orbs of fire (D)
  8 ancient liches (D)
  Mennas (D)
  3 greater mummies (D)
  Boris (D)
  Fannar (D)
  A Killer Klown (D)
  A Brimstone Fiend (D)
  3 electric golems (D)
  5 Ice Fiends (D)
  10 Orb Guardians (D)
  13 liches (D)
  4 sphinxes (D)
  2 ancient champions (D)
  A revenant (D)
  2 emperor scorpions (D)
  A ghoul (D)
  A reaper (D)
  6 spriggan defenders (D)
  An ophan (D)
  A lorocyproca (D)
  2 vampire knights (D)
  7 unborn (D)
  An eidolon (D)
  4 merfolk javelineers (D)
  3 blizzard demons (D)
  A jumping spider (D)
  7 merfolk impalers (D)
  A jiangshi (D)
  2 yaktaur captains (D)
  2 ice dragons (D)
  5 hydras (D)
  A spriggan air mage (D)
  7 merfolk aquamancers (D)
  An alligator (D)
  6 ogre magi (D)
  3 vampire magi (D)
  8 spriggan berserkers (D)
  A soul eater (D)
  2 spriggans (D)
  A shadow wraith (D)
  A sun demon (D)
  2 skeletal warriors (D)
  4 spriggan druids (D)
  Aizul (D)
  12 swamp dragons (D)
  6 ball lightnings (D)
  3 ice devils (D)
  2 flayed ghosts (D)
  A necromancer (D)
  A wolf spider (D)
  An orc knight (D)
  An anubis guard (D)
  2 mana vipers (D)
  A manticore (D)
  16 ugly things (D)
  2 shining eyes (D)
  A phantasmal warrior (D)
  A siren (D)
  An eye of devastation (D)
  4 ugly thing skeletons (D)
  A naga mage (D)
  A spiny frog (D)
  A hellion (D)
  A demonic crawler (D)
  11 yaktaurs (D)
  A tormentor (D)
  3 freezing wraiths (D)
  A guardian mummy (D)
  2 polar bears (D)
  10 large abominations (D)
  4 queen bees (D)
  Grinder (D)
  A slime creature (D)
  11 boulder beetles (D)
  A deep elf mage (D)
  2 flying skulls (D)
  2 redbacks (D)
  A water elemental (D)
  2 tarantellas (D)
  4 wraiths (D)
  A hungry ghost (D)
  3 fire elementals (D)
  4 golden eyes (D)
  A steam dragon (D)
  A hippogriff (D)
  An insubstantial wisp (D)
  4 wolves (D)
  An orc warrior (D)
  A water moccasin (D)
  2 wasps (D)
  3 eyes of draining (D)
  3 sky beasts (D)
  2 ogres (D)
  5 killer bees (D)
  A quasit (D)
  3 hounds (D)
  An iron imp (D)
  7 orc priests (D)
  A gnoll shaman (D)
  3 orc wizards (D)
  2 lightning spires (D)
  Jessica (D)
  3 mummies (D)
  A gnoll (D)
  A river rat (D)
  A white imp (D)
  2 worms (D)
  2 giant eyeballs (D)
  An ufetubus (D)
  3 adder zombies (D)
  3 orcs (D)
  2 bat zombies (D)
  2 goblins (D)
  A kobold (D)
  2 bats (D)
  A giant gecko zombie (D)
  A quokka zombie (D)
  A fungus (D)
  A plant (D)
337 creatures vanquished.

Vanquished Creatures (collateral kills)
  Rupert (D)
  5 hydras (D)
  An alligator (D)
  A hornet (D)
  A water elemental (D)
  A steam dragon (D)
10 creatures vanquished.

Vanquished Creatures (others)
  4 ball lightnings (D)
  2 air elementals (D)
  2 fire elementals (D)
  An earth elemental (D)
  A rat (D)
10 creatures vanquished.

Grand Total: 357 creatures vanquished

Notes
Turn   | Place    | Note
--------------------------------------------------------------
     0 | D        | Medar, the Merfolk Gladiator, began the quest for the Orb.
     0 | D        | Reached XP level 1. HP: 16/16 MP: 1/1
     1 | D        | Found a shadowy altar of Dithmenos.
     1 | D        | Found a stormy altar of Qazlal.
     2 | D        | Found a corrupted altar of Lugonu.
     4 | D        | Found Twiux's Jewellery.
     4 | D        | Found Vuastra's Bee Food.
     4 | D        | Found a shimmering altar of Xom.
     5 | D        | Found a radiant altar of Vehumet.
     5 | D        | Round 1.
     6 | D        | Found Pneem's Magic Scroll Shop.
     8 | D        | Found Klin's Magic Scroll Shop.
    12 | D        | Found an iron altar of Okawaru.
    12 | D        | Found an ancient bone altar of Kikubaaqudgha.
    12 | D        | Found a deep blue altar of Sif Muna.
    14 | D        | Found Umuta's Staff Store.
    14 | D        | Found Prithral's Must-Have Magic.
    17 | D        | Became a worshipper of Qazlal Stormbringer
    33 | D        | Reached skill level 7 in Polearms
    33 | D        | Reached XP level 2. HP: 12/22 MP: 2/2
    45 | D        | Found Ciutzeih's Advanced Armour.
    47 | D        | Found Wacw's Identification Station.
    50 | D        | Bought a vibrating bronze amulet for 45 gold pieces
    50 | D        | Identified the amulet "Haydwaih" {rMut Str+3} (You bought it in a shop in the Dungeon)
    51 | D        | Bought a flickering brass ring for 45 gold pieces
    51 | D        | Bought a clouded bone ring for 45 gold pieces
    51 | D        | Identified the ring of Racatuin {SustAb -Tele rPois MP+9 Int+3 Stlth+} (You bought it in a shop in the Dungeon)
    52 | D        | Identified the ring "Inuodwot" {Int+3 Stlth+} (You bought it in a shop in the Dungeon)
    61 | D        | Noticed Jessica
    62 | D        | Found a glowing golden altar of the Shining One.
    72 | D        | Killed Jessica
    72 | D        | Acquired Qazlal's first power
    72 | D        | Reached skill level 9 in Polearms
    72 | D        | Reached XP level 3. HP: 24/27 MP: 3/3
    91 | D        | Found a bloodstained altar of Trog.
    92 | D        | Found a viscous altar of Jiyva.
    93 | D        | Found Fixohen's Distillery.
    94 | D        | Found Gaehur's Distillery.
    94 | D        | Found a burning altar of Makhleb.
    95 | D        | Found a blossoming altar of Fedhas.
    96 | D        | Found Goleimal's Bottled Wisdom.
    96 | D        | Found Khasuut's Do-It-Yourself Clinic.
    98 | D        | Found a basalt altar of Yredelemnul.
   157 | D        | Arena points: 12 (+12) [x2]
   157 | D        | Reached skill level 10 in Polearms
   170 | D        | Found a snail-covered altar of Cheibriados.
   171 | D        | Found a sacrificial altar of Ru.
   171 | D        | Found Yjahuuw's Premium Goods.
   172 | D        | Found Khixzim's Miscellaneous Merchandise.
   173 | D        | Found a glowing silver altar of Zin.
   174 | D        | Found an opulent altar of Gozag.
   174 | D        | Found Shryjuygu's Weapon Rack.
   174 | D        | Found Jacon's Basic Armour.
   212 | D        | Round 2.
   234 | D        | Acquired Qazlal's second power
   234 | D        | Reached skill level 5 in Dodging
   234 | D        | Reached XP level 4. HP: 19/35 MP: 4/4
   302 | D        | Reached skill level 11 in Polearms
   341 | D        | Noticed Grinder
   343 | D        | Killed Grinder
   343 | D        | Acquired Qazlal's third power
   343 | D        | Arena points: 48 (+36) [x3]
   343 | D        | Reached skill level 13 in Polearms
   343 | D        | Reached XP level 5. HP: 20/48 MP: 5/5
   343 | D        | Reached XP level 6. HP: 22/55 MP: 6/6
   424 | D        | Round 3.
   450 | D        | Reached skill level 10 in Dodging
   484 | D        | Acquired Qazlal's fourth power
   525 | D        | Reached skill level 14 in Polearms
   525 | D        | Reached XP level 7. HP: 51/63 MP: 7/7
   544 | D        | Arena points: 132 (+84) [x4]
   579 | D        | Round 4.
   584 | D        | Reached skill level 1 in Armour
   667 | D        | Acquired Qazlal's fifth power
   719 | D        | Reached skill level 15 in Polearms
   719 | D        | Reached XP level 8. HP: 67/72 MP: 10/10
   765 | D        | Arena points: 160 (+28) [x1]
   780 | D        | Round 5.
   794 | D        | Bought a +0 bardiche for 270 gold pieces
   805 | D        | Noticed Aizul
   817 | D        | Killed Aizul
   817 | D        | Arena points: 280 (+120) [x3]
   817 | D        | Reached skill level 16 in Polearms
   820 | D        | Got a serpentine rune of Zot
   824 | D        | Reached skill level 17 in Polearms
   824 | D        | Reached XP level 9. HP: 29/78 MP: 21/21
  1002 | D        | Round 6.
  1008 | D        | Reached skill level 18 in Polearms
  1069 | D        | Noticed a five-headed hydra
  1070 | D        | Noticed Rupert
  1076 | D        | Killed a five-headed hydra
  1076 | D        | Reached skill level 19 in Polearms
  1076 | D        | Reached skill level 10 in Invocations
  1076 | D        | Reached XP level 10. HP: 38/84 MP: 24/24
  1082 | D        | Killed Rupert
  1082 | D        | Reached skill level 20 in Polearms
  1131 | D        | Arena points: 472 (+192) [x4]
  1139 | D        | Bought a scroll of brand weapon for 200 gold pieces
  1196 | D        | Round 7.
  1278 | D        | Reached skill level 21 in Polearms
  1289 | D        | Noticed a hornet
  1304 | D        | Killed a hornet
  1304 | D        | Reached skill level 22 in Polearms
  1359 | D        | Noticed a wolf spider
  1364 | D        | Killed a wolf spider
  1364 | D        | Arena points: 752 (+280) [x5]
  1364 | D        | Reached XP level 11. HP: 38/90 MP: 26/26
  1382 | D        | Bought 4 potions of curing for 84 gold pieces
  1384 | D        | Bought 3 potions of heal wounds for 105 gold pieces
  1409 | D        | Round 8.
  1422 | D        | Reached skill level 23 in Polearms
  1480 | D        | Arena points: 1184 (+432) [x6]
  1499 | D        | Bought 8 scrolls of enchant weapon for 600 gold pieces
  1546 | D        | Round 9.
  1580 | D        | Reached skill level 24 in Polearms
  1667 | D        | Arena points: 1814 (+630) [x7]
  1682 | D        | Bought a warped helmet for 332 gold pieces
  1692 | D        | Identified the cursed -2 helmet of Bedevilment {Dex+3 SInv} (You bought it in a shop in the Dungeon)
  1706 | D        | Round 10.
  1735 | D        | Arena points: 2624 (+810) [x9]
  1735 | D        | Reached skill level 25 in Polearms
  1738 | D        | Got a gossamer rune of Zot
  1739 | D        | Reached skill level 26 in Polearms
  1739 | D        | Reached XP level 12. HP: 72/97 MP: 27/27
  1748 | D        | Bought an encrusted cloak for 332 gold pieces
  1748 | D        | Bought a pair of distressingly furry gloves for 332 gold pieces
  1753 | D        | Identified the +0 cloak "Wiomulen" {+Inv rElec rPois rC+ Dex-5} (You bought it in a shop in the Dungeon)
  1758 | D        | Identified the +0 pair of gloves "Suyru" {rCorr MP+9 Str-4} (You bought it in a shop in the Dungeon)
  1948 | D        | Round 11.
  2011 | D        | Reached skill level 10 in Fighting
  2061 | D        | Arena points: 3834 (+1210) [x10]
  2093 | D        | Bought a pair of jewelled boots for 332 gold pieces
  2098 | D        | Identified the +2 pair of boots "Qeaklaom" {+Fly rN+ Int+3} (You bought it in a shop in the Dungeon)
  2108 | D        | Bought 3 royal jellies for 24 gold pieces
  2116 | D        | Bought a pair of scorched gloves for 332 gold pieces
  2121 | D        | Identified the cursed -1 pair of gloves of the Gate {rC- Str-4 Int+8 Stlth+} (You bought it in a shop in the Dungeon)
  2141 | D        | Round 12.
  2231 | D        | Reached skill level 15 in Dodging
  2268 | D        | Arena points: 5550 (+1716) [x11]
  2279 | D        | Bought 15 scrolls of remove curse for 450 gold pieces
  2328 | D        | Round 13.
  2348 | D        | Reached skill level 5 in Armour
  2349 | D        | Noticed an eight-headed hydra
  2351 | D        | Noticed an alligator
  2364 | D        | Killed an eight-headed hydra
  2365 | D        | Killed an alligator
  2392 | D        | Noticed a six-headed hydra
  2400 | D        | Reached XP level 13. HP: 63/107 MP: 29/29
  2402 | D        | Killed a seven-headed hydra
  2473 | D        | Arena points: 7422 (+1872) [x12]
  2511 | D        | Bought a steaming lapis lazuli ring for 45 gold pieces
  2512 | D        | Identified the ring "Blovi" {rElec rN+ MR+ Int+3} (You bought it in a shop in the Dungeon)
  2524 | D        | Bought a distressingly furry cloak for 332 gold pieces
  2529 | D        | Identified the +0 cloak of Wajaschu {MR- Int+2 SInv} (You bought it in a shop in the Dungeon)
  2533 | D        | Round 14.
  2557 | D        | Bought a +0 cloak for 54 gold pieces
  2694 | D        | Arena points: 7590 (+168) [x1]
  2709 | D        | Round 15.
  2710 | D        | Noticed Fannar
  2769 | D        | Killed Fannar
  2769 | D        | Arena points: 8085 (+495) [x3]
  2769 | D        | Reached skill level 15 in Invocations
  2773 | D        | Got an elven rune of Zot
  2774 | D        | Reached XP level 14. HP: 36/120 MP: 31/31
  2781 | D        | Bought 4 scrolls of enchant armour for 300 gold pieces
  2799 | D        | Bought a steaming lapis lazuli ring for 45 gold pieces
  2800 | D        | Identified the ring of Qeikuix {+Blink rC+ MR- Int+4 Dex-2 Stlth+} (You bought it in a shop in the Dungeon)
  2801 | D        | Bought a pitted copper ring for 45 gold pieces
  2802 | D        | Identified the ring of Nuychio {+Fly rElec rC- rN+ Int-5 Dex+2} (You bought it in a shop in the Dungeon)
  2803 | D        | Bought a wavering bone ring for 45 gold pieces
  2804 | D        | Identified the ring "Liopsaede" {-Cast rF+ Str+4 Int-3 Dex+2 SInv} (You bought it in a shop in the Dungeon)
  2982 | D        | Round 16.
  3049 | D        | Bought 3 potions of heal wounds for 105 gold pieces
  3049 | D        | Bought 3 potions of heal wounds for 105 gold pieces
  3059 | D        | Reached skill level 15 in Fighting
  3066 | D        | Bought 4 potions of curing for 84 gold pieces
  3166 | D        | Arena points: 8325 (+240) [x1]
  3181 | D        | Round 17.
  3192 | D        | Noticed a lich
  3213 | D        | Reached skill level 10 in Armour
  3217 | D        | Killed a lich
  3217 | D        | Reached XP level 15. HP: 76/130 MP: 31/33
  3238 | D        | Noticed an ancient lich
  3240 | D        | Noticed a lich
  3244 | D        | Noticed a tentacled monstrosity
  3251 | D        | Noticed an ancient lich
  3254 | D        | Killed an ancient lich
  3257 | D        | Killed a lich
  3261 | D        | Killed an ancient lich
  3303 | D        | Bought 6 potions of might for 168 gold pieces
  3303 | D        | Bought 6 potions of agility for 168 gold pieces
  3313 | D        | Arena points: 8869 (+544) [x2]
  3334 | D        | Bought 3 potions of heal wounds for 105 gold pieces
  3388 | D        | Round 18.
  3460 | D        | Arena points: 9625 (+756) [x3]
  3476 | D        | Round 19.
  3494 | D        | Bought a +0 ice dragon armour for 720 gold pieces
  3542 | D        | Arena points: 10309 (+684) [x4]
  3557 | D        | Round 20.
  3559 | D        | Bought 4 scrolls of enchant armour for 300 gold pieces
  3562 | D        | Noticed Dissolution
  3583 | D        | Killed Dissolution
  3583 | D        | Arena points: 11749 (+1440) [x6]
  3583 | D        | Reached XP level 16. HP: 98/147 MP: 0/36
  3586 | D        | Got a slimy rune of Zot
  3587 | D        | Identified a +3 rod of clouds (12/12) (You found it in the Dungeon)
  3589 | D        | Reached XP level 17. HP: 103/154 MP: 1/36
  3622 | D        | Bought 4 scrolls of enchant armour for 300 gold pieces
  3640 | D        | Bought a brightly glowing hat for 315 gold pieces
  3650 | D        | Identified the +1 hat of Exclusion {rPois Dex+6} (You bought it in a shop in the Dungeon)
  3654 | D        | Bought a pair of fine boots for 332 gold pieces
  3664 | D        | Identified the -4 pair of boots of the Ancient Nights {Str+5 Int+3} (You bought it in a shop in the Dungeon)
  3699 | D        | Bought 5 potions of berserk rage for 175 gold pieces
  3699 | D        | Bought 3 potions of haste for 210 gold pieces
  3715 | D        | Bought 3 scrolls of silence for 225 gold pieces
  3793 | D        | Round 21.
  3851 | D        | Noticed a lich
  3860 | D        | Killed a lich
  3885 | D        | Noticed Boris
  3896 | D        | Killed Boris
  3972 | D        | Arena points: 14395 (+2646) [x7]
  3988 | D        | Bought 3 potions of haste for 210 gold pieces
  3994 | D        | Round 22.
  3996 | D        | Bought 3 potions of heal wounds for 105 gold pieces
  3996 | D        | Bought 3 potions of heal wounds for 105 gold pieces
  3996 | D        | Bought 3 potions of heal wounds for 105 gold pieces
  4028 | D        | Reached skill level 15 in Armour
  4164 | D        | Arena points: 18091 (+3696) [x8]
  4187 | D        | Bought a glittering silver ring for 45 gold pieces
  4187 | D        | Bought a smoking platinum amulet for 45 gold pieces
  4187 | D        | Bought a sparkling platinum ring for 45 gold pieces
  4187 | D        | Bought a flickering crystal amulet for 45 gold pieces
  4187 | D        | Bought a flickering golden ring for 45 gold pieces
  4187 | D        | Bought a wavering zirconium amulet for 45 gold pieces
  4187 | D        | Bought a pitted lapis lazuli ring for 45 gold pieces
  4187 | D        | Bought a faintly glowing golden ring for 45 gold pieces
  4187 | D        | Bought an ancient brass ring for 45 gold pieces
  4187 | D        | Bought a steaming brass amulet for 45 gold pieces
  4194 | D        | Bought 3 scrolls of identify for 150 gold pieces
  4194 | D        | Bought 3 scrolls of identify for 150 gold pieces
  4194 | D        | Bought 3 scrolls of identify for 150 gold pieces
  4195 | D        | Identified the amulet "Erot" {Inacc +Inv rPois Str+4 Dex-2} (You bought it in a shop in the Dungeon)
  4196 | D        | Identified the amulet of Dithmenos' Esteem {Inacc rElec rN+ Int+4 Dex-5} (You bought it in a shop in the Dungeon)
  4197 | D        | Identified the amulet "Ushul" {+Rage Int+4} (You bought it in a shop in the Dungeon)
  4198 | D        | Identified the amulet "Wiucsadgh" {Clar +Inv rPois MR+} (You bought it in a shop in the Dungeon)
  4199 | D        | Identified the cursed ring "Zadwotyt" {Str-2 SInv} (You bought it in a shop in the Dungeon)
  4200 | D        | Identified the ring "Xitzoypt" {-Tele rElec rPois rC- Int+2 SInv} (You bought it in a shop in the Dungeon)
  4201 | D        | Identified the ring of Vyutodow {+Fly MR+ SInv} (You bought it in a shop in the Dungeon)
  4202 | D        | Identified the ring "Ihuc" {+Fly Int+2} (You bought it in a shop in the Dungeon)
  4203 | D        | Identified the ring "Gaprusche" {SustAb rElec rF+ MP+9} (You bought it in a shop in the Dungeon)
  4206 | D        | Bought 3 scrolls of identify for 150 gold pieces
  4207 | D        | Identified the ring of Braulera {rC+ Int+3 Dex+4} (You bought it in a shop in the Dungeon)
  4212 | D        | Round 23.
  4214 | D        | Noticed an Ice Fiend
  4222 | D        | Killed an Ice Fiend
  4234 | D        | Noticed an Ice Fiend
  4240 | D        | Killed an Ice Fiend
  4252 | D        | Bought 6 potions of resistance for 420 gold pieces
  4281 | D        | Noticed an Ice Fiend
  4292 | D        | Killed an Ice Fiend
  4331 | D        | Reached XP level 18. HP: 76/170 MP: 38/38
  4379 | D        | Noticed an Ice Fiend
  4386 | D        | Reached skill level 27 in Dodging
  4396 | D        | Killed an Ice Fiend
  4413 | D        | Noticed an Ice Fiend
  4425 | D        | Killed an Ice Fiend
  4425 | D        | Arena points: 22231 (+4140) [x9]
  4439 | D        | Bought a wand of heal wounds (5) for 1080 gold pieces
  4442 | D        | Round 24.
  4561 | D        | Bought 3 potions of heal wounds for 105 gold pieces
  4561 | D        | Bought 3 potions of heal wounds for 105 gold pieces
  4584 | D        | Arena points: 26311 (+4080) [x10]
  4596 | D        | Bought a +0 pearl dragon armour for 1200 gold pieces
  4637 | D        | Round 25.
  4648 | D        | Noticed Mennas
  4680 | D        | Killed Mennas
  4680 | D        | Arena points: 30511 (+4200) [x12]
  4684 | D        | Got a silver rune of Zot
  4700 | D        | Bought 6 potions of might for 168 gold pieces
  4714 | D        | Bought 4 scrolls of enchant armour for 300 gold pieces
  4785 | D        | Bought 3 royal jellies for 24 gold pieces
  4807 | D        | Bought a quad damage for 400 gold pieces
  4833 | D        | Bought 3 scrolls of recharging for 285 gold pieces
  4833 | D        | Bought 3 scrolls of fog for 60 gold pieces
  4868 | D        | Round 26.
  4868 | D        | Noticed an ancient lich
  4868 | D        | Noticed an ancient lich
  4869 | D        | Reached XP level 19. HP: 180/180 MP: 40/40
  4878 | D        | Killed an ancient lich
  4887 | D        | Killed an ancient lich
  4995 | D        | Noticed an ancient lich
  4998 | D        | Noticed an ancient lich
  5012 | D        | Noticed a lich
  5012 | D        | Killed an ancient lich
  5014 | D        | Noticed an ancient lich
  5020 | D        | Killed a lich
  5020 | D        | Reached skill level 27 in Invocations
  5027 | D        | Killed an ancient lich
  5030 | D        | Reached skill level 27 in Fighting
  5031 | D        | Noticed a lich
  5033 | D        | Killed an ancient lich
  5033 | D        | Reached XP level 20. HP: 97/197 MP: 34/41
  5033 | D        | Killed a lich
  5072 | D        | Noticed a lich
  5077 | D        | Killed a lich
  5081 | D        | Arena points: 38285 (+7774) [x13]
  5096 | D        | Bought 6 potions of agility for 168 gold pieces
  5096 | D        | Bought 4 potions of haste for 280 gold pieces
  5110 | D        | Bought 3 potions of heal wounds for 105 gold pieces
  5110 | D        | Bought 3 potions of heal wounds for 105 gold pieces
  5110 | D        | Bought 3 potions of heal wounds for 105 gold pieces
  5110 | D        | Bought 4 potions of curing for 84 gold pieces
  5116 | D        | Round 27.
  5177 | D        | Noticed an orb of fire
  5186 | D        | Gained mutation: Your body is slowly deteriorating. [an orb of fire]
  5188 | D        | Killed an orb of fire
  5204 | D        | Noticed a Killer Klown
  5217 | D        | Killed a Killer Klown
  5254 | D        | Bought 2 potions of cure mutation for 490 gold pieces
  5255 | D        | Noticed an ancient lich
  5266 | D        | Killed an ancient lich
  5266 | D        | Reached skill level 27 in Armour
  5266 | D        | Reached skill level 27 in Polearms
  5266 | D        | Reached skill level 5 in Evocations
  5285 | D        | Noticed an orb of fire
  5295 | D        | Reached skill level 10 in Evocations
  5308 | D        | Killed an orb of fire
  5308 | D        | Arena points: 45089 (+6804) [x14]
  5308 | D        | Reached XP level 21. HP: 90/204 MP: 42/42
  5340 | D        | Bought 3 potions of experience for 900 gold pieces
  5340 | D        | Reached skill level 15 in Evocations
  5340 | D        | Reached XP level 22. HP: 102/212 MP: 42/42
  5341 | D        | Reached XP level 23. HP: 105/219 MP: 43/43
  5342 | D        | Reached XP level 24. HP: 109/227 MP: 43/43
  5350 | D        | Bought 4 potions of haste for 280 gold pieces
  5496 | D        | Round 28.
  5642 | D        | Arena points: 54329 (+9240) [x15]
  5697 | D        | Round 29.
  5716 | D        | Noticed a greater mummy
  5729 | D        | Noticed a greater mummy
  5732 | D        | Killed a greater mummy
  5734 | D        | Killed a greater mummy
  5778 | D        | Noticed a greater mummy
  5797 | D        | Killed a greater mummy
  5826 | D        | Arena points: 61753 (+7424) [x16]
  5903 | D        | Round 30.
  5913 | D        | Noticed Asmodeus
  5940 | D        | HP: 10/227 [Brimstone Fiend/blast of hellfire[Asmodeus] (39)]
  5940 | D        | HP: 4/227 [hellion/burst of hellfire[Asmodeus] (6)]
  5942 | D        | Killed from afar by a hellion

Action                   |  1- 3 |  4- 6 |  7- 9 | 10-12 | 13-15 | 16-18 | 19-21 | 22-24 || total
-------------------------+-------+-------+-------+-------+-------+-------+-------+-------++-------
Melee: Trident           |    45 |    44 |    44 |     6 |       |       |       |       ||   139
       Bardiche          |       |       |    12 |   152 |   279 |   293 |   187 |   138 ||  1061
Invok: Elemental Force   |       |       |       |     4 |     3 |       |       |       ||     7
       Upheaval          |       |       |       |       |    17 |       |       |     1 ||    18
       Disaster Area     |       |       |       |       |     2 |       |     2 |     5 ||     9
Evoke: Wand              |     1 |     3 |       |     9 |     1 |       |       |     2 ||    16
  Use: Potion            |     2 |     1 |     2 |     5 |    17 |    17 |    24 |    19 ||    87
       Scroll            |       |       |       |    10 |     8 |    18 |       |       ||    36
 Stab: Distracted        |       |       |       |     1 |       |       |       |       ||     1
  Eat: Chunk             |       |       |     1 |     6 |     2 |     2 |       |       ||    11
       Bread ration      |       |       |       |     1 |       |       |       |       ||     1
       Royal jelly       |       |       |       |       |       |     2 |     1 |     1 ||     4
